 Dungeon Crawl Stone Soup version 0.31-a0-986-g5e6e4ef867 (webtiles) character file.

Game seed: 18082446558342545732

63 billz999 the Sneak (level 4, -3/24 HPs)
             Began as a Gargoyle Earth Elementalist on Nov 3, 2023.
             Slain by Grinder (9 damage)
             ... on level 3 of the Dungeon.
             The game lasted 00:03:24 (1862 turns).

billz999 the Sneak (Gargoyle Earth Elementalist)    Turns: 1862, Time: 00:03:25

Health: -3/24      AC:  5    Str: 12    XL:     4   Next: 10%
Magic:  3/7        EV: 11    Int: 17    God:
Gold:   140        SH:  0    Dex: 10    Spells: 6/7 levels left

rFire   . . .        m - +2 dagger (venom)
rCold   . . .        (no shield)
rNeg    + . .        a - +0 robe
rPois   ∞            (no helmet)
rElec   +            (no cloak)
rCorr   .            (no gloves)
SInv    .            (no boots)
Will    .....        (no amulet)
Stlth   +++          (no ring)
HPRegen 0.24/turn    (no ring)
MPRegen 0.10/turn

%: no passive effects
@: no status effects
A: sickness immunity, AC +3, negative energy resistance 1, electricity
resistance, torment resistance 1, petrification resistance
a: no special abilities


You were on level 3 of the Dungeon.
You visited 1 branch of the dungeon, and saw 3 of its levels.

You collected 140 gold pieces.

Inventory:

Hand Weapons
 e - a +0 club
 k - a +0 mace
 m - a +2 dagger of venom (weapon)
Armour
 a - a +0 robe (worn)
Magical Staves
 h - a staff of fire
Wands
 i - a wand of flame (20)
Scrolls
 c - 2 scrolls of teleportation {unknown}
 f - 2 scrolls of identify {unknown}
 j - a scroll of noise {unknown}
 l - a scroll of revelation {unknown}
 n - a scroll of acquirement {unknown}
Potions
 b - a potion of magic
 d - 2 potions of degeneration {unknown}
 g - 2 potions of curing {unknown}


   Skills:
 - Level 1.5 Dodging
 + Level 5.0 Stealth
 - Level 2.0 Spellcasting
 - Level 0.7 Transmutations
 - Level 3.6 Earth Magic


You had 6 spell levels left.
You knew the following spells:

 Your Spells              Type           Power      Damage    Failure   Level
a - Sandblast             Erth           28%        2d8       4%          1

Your spell library contained the following spells:

 Spells                   Type           Power      Damage    Failure   Level
 Passwall                 Tmut/Erth      7%         N/A       12%         2
 Ensorcelled Hibernation  Hex/Ice        2%         N/A       28%         2
 Jinxbite                 Hex            2%         N/A       28%         2
 Stone Arrow              Conj/Erth      14%        3d7       28%         3
 Petrify                  Tmut/Erth      9%         N/A       61%         4
 Brom's Barrelling Bould  Conj/Erth      7%         2d3       67%         4
 Anguish                  Hex/Necr       0%         N/A       88%         4


Dungeon Overview and Level Annotations

Branches:
Dungeon (3/15)

Altars:
Sif Muna
Yredelemnul

Annotations:
D:3 Grinder


Innate Abilities, Weirdness & Mutations

You are immune to sickness and miasma.
Your stone body is resilient. (AC +3)
You are immune to poison.
You resist negative energy. (rN+)
You are resistant to electric shocks. (rElec)
You are resistant to unholy torment.
You are immune to petrification.


Message History

Grinder is lightly wounded.
Casting: Sandblast (safe; 4% risk of failure)
Confirm with . or Enter, or press ? or * to list all spells.
Aiming: Sandblast (safe; 4% risk of failure)
Press: ? - help, Shift-Dir - straight line, f/p - Grinder
Aim: Grinder (lightly wounded, 80% to hit)
The blast of sand hits Grinder but does no damage.
Grinder is lightly wounded.
Grinder hits you but does no damage.
You barely miss Grinder.
Grinder is lightly wounded.
Grinder misses you.
You barely miss Grinder.
Grinder is lightly wounded.
Grinder hits you.
You writhe in agony.
You closely miss Grinder.
Grinder is lightly wounded.
Grinder gestures at you. Pain shoots through your body!
Casting: Sandblast (safe; 4% risk of failure)
Confirm with . or Enter, or press ? or * to list all spells.
Aiming: Sandblast (safe; 4% risk of failure)
Press: ? - help, Shift-Dir - straight line, f/p - Grinder
Aim: Grinder (lightly wounded, 80% to hit)
The blast of sand hits Grinder.
Grinder is moderately wounded.
Grinder grins, showing sharp teeth.
Grinder hits you.
Casting: Sandblast (safe; 4% risk of failure)
Confirm with . or Enter, or press ? or * to list all spells.
Aiming: Sandblast (safe; 4% risk of failure)
Press: ? - help, Shift-Dir - straight line, f/p - Grinder
Aim: Grinder (moderately wounded, 80% to hit)
The blast of sand hits Grinder.
Grinder is moderately wounded.
Grinder hits you.
You writhe in agony.
* * * LOW HITPOINT WARNING * * *
Grinder hits you!
You die...
Grinder says, "Now the real fun starts!"

.. .### ...# . ... ... ..##
....##.<# #.........5##
######## #...#.§...@.#
#......# #...#§§.#.#.####
#.####.# #...#§§
#.#....####.####.##
#...#§≈§#.####.............
#...#§§§#.# ######.####.##
#...#...#.# #.........#
#..<......# #.#.#######
#.....#.#.# #.#... .
#.....#...#######.###....


You could see Grinder.

Vanquished Creatures
  An adder (D:2)
  A worm (D:2)
  2 dart slugs
  5 ball pythons
  7 bats
  6 endoplasms
  4 giant cockroaches
  4 goblins
  A hobgoblin (D:3)
  3 jackals (D:1)
  3 kobolds
  A quokka (D:1)
  A frilled lizard (D:2)
  3 rats
42 creatures vanquished.

Notes
Turn   | Place    | Note
-------+----------+-------------------------------------------
     0 | D:1      | billz999 the Gargoyle Earth Elementalist began the quest
                  | for the Orb.
     0 | D:1      | Reached XP level 1. HP: 10/10 MP: 3/3
   216 | D:1      | Reached skill level 3 in Stealth
   216 | D:1      | Reached XP level 2. HP: 7/15 MP: 0/5
   692 | D:1      | Reached skill level 4 in Stealth
   692 | D:1      | Reached XP level 3. HP: 19/19 MP: 4/6
  1001 | D:2      | Found a basalt altar of Yredelemnul.
  1447 | D:2      | Reached XP level 4. HP: 24/24 MP: 5/7
  1569 | D:2      | Reached skill level 5 in Stealth
  1721 | D:3      | Noticed Grinder
  1721 | D:3      | Found a shimmering blue altar of Sif Muna.
  1862 | D:3      | Slain by Grinder

Illustrated notes

Levels and vault maps discovered:
D:1:      saegor_arrival_miasma, layout_loops_ring
D:2:      layout_basic, basic_altar, minmay_statues_item
D:3:      layout_basic, mainiacjoe_overflow_boulevard, gup_sewer_entry_bowl,
          uniq_ijyb, uniq_crazy_yiuf_cottage, uniq_grinder

Skill      XL: |  1  2  3  4 |
---------------+-------------+-----
Stealth        | 3 4 5 |  5.0
Dodging        | |  1.5
Spellcasting   | |  2.0
Transmutations | |  0.7
Earth Magic    | |  3.6

Action                     |  1- 3 |  4- 6 || total
---------------------------+-------+-------++-------
  Melee: Club              |    18 |       ||    18
         Dagger            |       |     3 ||     3
   Cast: Sandblast         |    56 |    14 ||    70
 Armour: Robe              |    26 |     7 ||    33
  Dodge: Dodged            |    35 |     6 ||    41

Table legend: (Time is in decaauts)
 A = Elapsed time spent in this place.
 B = Non-inter-level travel time spent in this place.
 C = Inter-level travel time spent in this place.
 D = Time resting spent in this place.
 E = Time spent auto-exploring this place.
 F = Levels seen in this place.
 G = Mean time per level.
                   A        B        C        D        E       F      G
               +--------+--------+--------+--------+--------+-----+--------+
         Total |   1900 |   1796 |    104 |     59 |   1472 |   3 |  633.3 |
       Dungeon |   1900 |   1796 |    104 |     59 |   1472 |   3 |  633.3 |
               +--------+--------+--------+--------+--------+-----+--------+

Top non-repeatable levels by time:
     D:2: 912 daAuts
     D:1: 890 daAuts
     D:3: 97 daAuts
